 Dungeon Crawl Stone Soup version 0.24.0-1-gfbc8707122 (webtiles) character file.

Game seed: 3667124637971533554, levelgen mode: deterministic

287 Fingolfin the Skirmisher (level 6, 0/53 HPs)
             Began as a Merfolk Enchanter on Oct 26, 2019.
             Was a Believer of Ru.
             Slain by Grinder (2 damage)
             ... on level 3 of the Dungeon.
             The game lasted 00:08:13 (2776 turns).

Fingolfin the Skirmisher (Merfolk Enchanter)        Turns: 2776, Time: 00:08:14

Health: 0/53       AC:  4    Str: 11    XL:     6   Next: 30%
Magic:  9/9        EV:  5    Int: 16    God:    Ru [**....]
Gold:   53         SH:  0    Dex: 14    Spells: 6/9 levels left

rFire    . . .     SeeInvis .   a - +4 short sword
rCold    . . .     Gourm    .   (shield unavailable)
rNeg     . . .     Faith    .   j - +0 chain mail
rPois    .         Spirit   .   (helmet restricted)
rElec    .         Reflect  .   (no cloak)
rCorr    .         Harm     .   (no gloves)
MR       .....                  (no boots)
Stlth    ..........             (no amulet)
HPRegen  0.17/turn              (ring unavailable)
MPRegen  0.11/turn              (no ring)

@: flying
A: change form in water, swift swim, stealthy swim, horns 1, blurry vision 1,
clever 1, deformed body, missing a hand
a: Renounce Religion


You were on level 3 of the Dungeon.
You worshipped Ru.
Ru was pleased with you.
You were not hungry.

You visited 1 branch of the dungeon, and saw 3 of its levels.

You collected 53 gold pieces.

Inventory:

Hand Weapons
 a - a +4 short sword (weapon)
 n - a +0 mace of holy wrath
Missiles
 h - 36 poisoned darts
 i - 10 stones (quivered)
Armour
 b - a +0 robe
 e - a +2 robe of cold resistance
 j - a +0 chain mail (worn)
Scrolls
 c - 3 scrolls of identify {unknown}
 f - a scroll of enchant weapon {unknown}
 k - a scroll of teleportation {unknown}
 m - a scroll of magic mapping {unknown}
Comestibles
 d - 7 rations
 o - 4 chunks of flesh


   Skills:
 - Level 6.3 Fighting
 - Level 1.2 Short Blades
 + Level 1.0 Armour
 - Level 2.6 Dodging
 - Level 3.2 Stealth
 - Level 2.0 Spellcasting
 - Level 3.0 Hexes


You had 6 spell levels left.
You knew the following spells:

 Your Spells              Type           Power        Failure   Level  Hunger
a - Corona                Hex            ##.....      98%         1    #......
b - Ensorcelled Hibernat  Hex/Ice        #.....       100%        2    ###....

Your spell library contained the following spells:

 Spells                   Type           Power        Failure   Level  Hunger
 Confuse                  Hex            ##......     100%        3    ###....
 Dazzling Spray           Conj/Hex       #.....       100%        3    ###....
 Tukima's Dance           Hex            ##......     100%        3    ###....


Dungeon Overview and Level Annotations

Branches:
Dungeon (3/15)

Altars:
Ru
Uskayaw
Zin

Annotations:
D:2 scrolls behind grate
D:3 Grinder


Innate Abilities, Weirdness & Mutations

You revert to your normal form in water.
You are very nimble and swift while swimming.
You are very stealthy in the water. (Stealth+)
You are missing a hand.
You have a pair of small horns on your head.
Scrolls take you a little longer to read.
Your mind is acute. (Int +2)
Armour fits poorly on your strangely shaped body.


Message History

Grinder hits you but does no damage.
You hit Grinder.
Grinder is heavily wounded.
Grinder hits you.
* * * LOW HITPOINT WARNING * * *
You writhe in agony.
* * * LOW HITPOINT WARNING * * *
You hit Grinder.
Grinder is heavily wounded.
Grinder hits you!
* * * LOW HITPOINT WARNING * * *
You writhe in agony.
* * * LOW HITPOINT WARNING * * *
You hit Grinder. Your headbutt misses Grinder.
Grinder is severely wounded.
Grinder barely misses you.
You hit Grinder.
Grinder is severely wounded.
Grinder hits you.
You die...

#...........
#######.#...#...
........#...#.######.#
##########.#....†)......#
#<..............)######.#
#########).###.#)# #..#
#.#.# #..###.#.#
#...@5...# ##########


You could see Grinder.

Vanquished Creatures
  Sigmund (D:2)
  An orc wizard (D:3)
  Terence (D:2)
  A gnoll (D:1)
  2 dart slugs (D:1)
  4 orcs (D:3)
  2 bats
  4 giant cockroaches
  5 goblins
  10 hobgoblins
  3 jackals (D:2)
  A quokka (D:3)
  5 frilled lizards
  9 kobolds
  3 rats (D:2)
52 creatures vanquished.

Notes
Turn   | Place    | Note
-------+----------+-------------------------------------------
     0 | D:1      | Fingolfin the Merfolk Enchanter began the quest for the
                  | Orb.
     0 | D:1      | Reached XP level 1. HP: 13/13 MP: 3/3
   102 | D:1      | Reached skill level 1 in Fighting
   168 | D:1      | Reached XP level 2. HP: 8/22 MP: 5/5
   491 | D:1      | Learned a level 2 spell: Ensorcelled Hibernation
   496 | D:1      | Reached skill level 2 in Fighting
   859 | D:1      | Reached skill level 3 in Fighting
   859 | D:1      | Reached XP level 3. HP: 29/29 MP: 6/6
  1161 | D:2      | Noticed Sigmund
  1371 | D:2      | Found a hide-covered altar of Uskayaw.
  1565 | D:2      | Noticed Terence
  1639 | D:2      | Killed Terence
  1639 | D:2      | Reached skill level 4 in Fighting
  1639 | D:2      | Reached XP level 4. HP: 25/37 MP: 7/7
  1918 | D:2      | Found a faded altar of an unknown god.
  1926 | D:2      | Became a worshipper of Ru the Awakened
  1941 | D:2      | Gained mutation: You are missing a hand. [Ru sacrifice]
  1941 | D:2      | Reached * piety under Ru
  1941 | D:2      | Reached ** piety under Ru
  2279 | D:2      | Found a glowing silver altar of Zin.
  2371 | D:2      | Killed Sigmund
  2371 | D:2      | Reached skill level 6 in Fighting
  2371 | D:2      | Reached XP level 5. HP: 20/47 MP: 8/8
  2371 | D:2      | Reached XP level 6. HP: 23/53 MP: 9/9
  2745 | D:3      | Noticed Grinder
  2757 | D:3      | Reached skill level 1 in Armour
  2768 | D:3      | Gained mutation: Your mind is acute. (Int +2) [potion of
                  | mutation]
  2768 | D:3      | Gained mutation: Scrolls take you a little longer to read.
                  | [potion of mutation]
  2768 | D:3      | Gained mutation: Armour fits poorly on your strangely
                  | shaped body. [potion of mutation]
  2768 | D:3      | Gained mutation: You have a pair of small horns on your
                  | head. [potion of mutation]
  2774 | D:3      | HP: 2/53 [Grinder (5)]
  2776 | D:3      | Slain by Grinder

Levels and vault maps discovered:
D:1:      dpeg_arrival_tiny_a, layout_loops_ring
D:2:      layout_loops_ring, eat_drink_and_be_merry_uskayaw, zin_scriptorium,
          serial_co_window_serial, co_window_paths_a, co_window_paths_a,
          co_window_of_opportunity_a, co_window_of_opportunity_a,
          co_window_of_opportunity_a, co_window_cross_1,
          co_window_unsneaky_path_d, co_window_paths_c, co_window_corner_cb,
          co_window_paths_c, co_window_paths_c, co_window_of_opportunity_b,
          co_window_4corner_a, glass_columns_a,
          chequers_ecumenical_altar_island, uniq_sigmund, uniq_terence
D:3:      minmay_door_path, layout_basic, lemuel_doored_altar,
          grunt_dithmenos_smoke_and_mirrors, first_ration,
          gammafunk_ghost_gnarly_gnolls, doesnt_xom_only_xom, uniq_grinder,
          uniq_natasha

Skill      XL: |  1  2  3  4  5  6 |
---------------+-------------------+-----
Fighting       | 1 3 4 6 |  6.3
Armour         | 1 |  1.0
Short Blades   | |  1.2
Dodging        | |  2.6
Stealth        | |  3.2
Spellcasting   | |  2.0
Hexes          | |  3.0

Action                   |  1- 3 |  4- 6 || total
-------------------------+-------+-------++-------
Melee: Dagger            |    17 |       ||    17
       Short sword       |   104 |    73 ||   177
Invok: Sacrifice a Hand  |       |     1 ||     1
  Use: Potion            |       |     4 ||     4
 Stab: Sleeping          |     4 |       ||     4
       Invisible         |       |     1 ||     1
  Eat: Chunk             |     2 |     4 ||     6
Armor: Robe              |     4 |       ||     4
       Chain mail        |    29 |    27 ||    56
Dodge: Dodged            |    44 |     7 ||    51
